 Dungeon Crawl Stone Soup version 0.29-a0-920-g5d2155ec51 (webtiles) character file.

Game seed: 1035230951746798479

42 BlueGoblin the Shooter (level 4, -3/37 HPs)
             Began as a Meteoran Hunter on July 27, 2022.
             Constricted to death by Natasha (5 damage)
             ... on level 2 of the Dungeon.
             The game lasted 00:01:47 (600 turns).

BlueGoblin the Shooter (Meteoran Hunter)             Turns: 600, Time: 00:01:47

Health: -3/37      AC:  3    Str: 12    XL:     4   Next: 3%
Magic:  5/5        EV:  9    Int: 11    God:
Gold:   45         SH:  0    Dex: 19    Spells: 3/3 levels left

rFire   . . .      SeeInvis .   a - +0 shortbow
rCold   . . .      Faith    .   (shield currently unavailable)
rNeg    . . .      Spirit   .   c - +0 leather armour
rPois   .          Reflect  .   (no helmet)
rElec   .          Harm     .   (no cloak)
rCorr   .          Rampage  .   (no gloves)
Will    .....                   (no boots)
Stlth   +.........              (no amulet)
HPRegen 0.12/turn               (no ring)
MPRegen 0.09/turn               (no ring)

@: grasped by roots, glowing, constricted
A: sense surroundings 1, otherworldly, glowing, explore regen
a: no special abilities


You were on level 2 of the Dungeon.
You visited 1 branch of the dungeon, and saw 2 of its levels.

You collected 45 gold pieces.

Inventory:

Hand Weapons
 a - a +0 shortbow (weapon)
 b - a +0 dagger of draining
 j - a +0 dagger
 k - a +2 dagger of speed
Armour
 c - a +0 leather armour (worn)
Jewellery
 g - an amulet of faith
 h - a ring of protection from cold
Scrolls
 d - a scroll of immolation
 e - a scroll of noise {unknown}
 f - 4 scrolls of identify {unknown}
 i - a scroll of blinking {unknown}
 l - a scroll of teleportation {unknown}
 n - 2 scrolls of enchant armour {unknown}
 o - a scroll of brand weapon {unknown}
Potions
 m - a potion of mutation {unknown}


   Skills:
 + Level 2.4 Fighting
 + Level 5.4 Ranged Weapons
 + Level 0.3 Armour
 + Level 2.6 Dodging
 - Level 0.6 Stealth


You had 3 spell levels left.
You didn't know any spells.
Your spell library contained the following spells:

 Spells                   Type           Power      Damage    Failure   Level
 Magic Dart               Conj           0%         1d3       41%         1
 Blink                    Tloc           0%         N/A       56%         2
 Call Imp                 Summ           0%         N/A       56%         2
 Mephitic Cloud           Conj/Pois/Air  0%         N/A       80%         3
 Manifold Assault         Tloc           0%         N/A       100%        5
 Storm Form               Tmut/Air       0%         N/A       100%        7


Dungeon Overview and Level Annotations

Branches:
Dungeon (2/15) Zot: 581

Altars:

Annotations:
D:2 Natasha


Innate Abilities, Weirdness & Mutations

You passively map a small area around you.
You are easily found by Zot.
You glow in the dark.
You regain HP and MP as you explore.


Message History

The shadow imp gestures at you.
You struggle to resist.
Fire: a) +0 shortbow
Press: ? - help, Shift-Dir - straight line, f - Natasha, p - shadow imp
Aim: Natasha, carrying a wand of roots (10) (moderately wounded, 58% to hit)
You shoot an arrow. The arrow barely misses Natasha.
Fire: a) +0 shortbow
Press: ? - help, Shift-Dir - straight line, f - shadow imp
Aim: a shadow imp (almost dead, summoned, 61% to hit)
Fire: a) +0 shortbow
Press: ? - help, Shift-Dir - straight line, f - shadow imp
Aim: a shadow imp (almost dead, summoned, 61% to hit)
You shoot an arrow. The arrow hits the shadow imp.
You kill the shadow imp!
The shadow imp disappears in a puff of smoke!
Natasha casts a spell at you. The magic dart hits you!
You see here the felid corpse of Natasha.
Fire: a) +0 shortbow
Press: ? - help, Shift-Dir - straight line, f - Natasha
Aim: Natasha, carrying a wand of roots (10) (moderately wounded, 58% to hit)
You shoot an arrow. The arrow hits Natasha.
Natasha is heavily wounded.
Natasha zaps a wand.
The roots erupt in riotous growth!
The grasping roots grab you! The grasping roots constrict you!
* * * LOW HITPOINT WARNING * * *
You hear an angry hiss.
Fire: a) +0 shortbow
Press: ? - help, Shift-Dir - straight line, f/p - Natasha
Aim: Natasha, carrying a wand of roots (9) (heavily wounded, 58% to hit)
You shoot an arrow. The arrow closely misses Natasha.
Natasha casts a spell at you. The magic dart hits you.
* * * LOW HITPOINT WARNING * * *
The grasping roots constrict you.
* * * LOW HITPOINT WARNING * * *
An endoplasm comes into view.
The grasping roots constrict you.
You die...

,
...#####................
,,
...#####................
........................
*,
................#####...
, .....#..........
,...... , ,
.........###.... ......
,................,.......
####..#......... #......
....<#@........ ......
.....h.#####.... ..... ,
....... , .... ..# ,
*....... ,... , ....... *
, .., ,, ≈ ....... *
....... , , , ...J... ,,
, *,


You could see Natasha and an endoplasm.

Vanquished Creatures
  Natasha (D:2)
  2 endoplasms
  3 goblins
  A hobgoblin (D:1)
  3 kobolds
  2 ball pythons (D:1)
  A bat (D:2)
  3 frilled lizards (D:1)
  5 rats
21 creatures vanquished.

Notes
Turn   | Place    | Note
-------+----------+-------------------------------------------
     0 | D:1      | BlueGoblin the Meteoran Hunter began the quest for the Orb.
     0 | D:1      | Reached XP level 1. HP: 17/17 MP: 2/2
   163 | D:1      | Reached XP level 2. HP: 24/24 MP: 3/3
   443 | D:1      | Reached skill level 5 in Ranged Weapons
   552 | D:2      | Reached XP level 3. HP: 29/29 MP: 4/4
   584 | D:2      | Noticed Natasha
   587 | D:2      | Killed Natasha
   588 | D:2      | Reached XP level 4. HP: 29/37 MP: 5/5
   592 | D:2      | Noticed Natasha
   600 | D:2      | Constricted to death by Natasha

Illustrated notes

Levels and vault maps discovered:
D:1:      tarquinn_simple_flora_water_f, layout_loops_ring,
          hellmonk_ecumenical_altar_run_dry
D:2:      layout_basic, moated_statue, chequers_garden, uniq_jessica,
          uniq_natasha

Skill      XL: |  1  2 |
---------------+-------+-----
Ranged Weapons | 5 |  5.4
Fighting       | |  2.4
Armour         | |  0.3
Dodging        | |  2.6
Stealth        | |  0.6

Action                   |  1- 3 |  4- 6 || total
-------------------------+-------+-------++-------
 Fire: Shortbow          |    55 |     7 ||    62
Armor: Leather armour    |     4 |       ||     4
Dodge: Dodged            |     7 |       ||     7

Table legend: (Time is in decaauts)
 A = Elapsed time spent in this place.
 B = Non-inter-level travel time spent in this place.
 C = Inter-level travel time spent in this place.
 D = Time resting spent in this place.
 E = Time spent auto-exploring this place.
 F = Levels seen in this place.
 G = Mean time per level.
                   A        B        C        D        E       F      G
               +--------+--------+--------+--------+--------+-----+--------+
         Total |    617 |    588 |     29 |      0 |    458 |   2 |  308.5 |
       Dungeon |    617 |    588 |     29 |      0 |    458 |   2 |  308.5 |
               +--------+--------+--------+--------+--------+-----+--------+

Top non-repeatable levels by time:
     D:1: 485 daAuts
     D:2: 132 daAuts
